 Dungeon Crawl Stone Soup version 0.26.1 (webtiles) character file.

Game seed: 1089499807600222859

124 pkoi the Chopper (level 4, -9/39 HPs)
             Began as a Minotaur Monk on Feb 6, 2021.
             Killed by divine providence
             ... invoked by an orc priest
              (11 damage)
             ... on level 2 of the Dungeon.
             The game lasted 00:01:56 (1710 turns).

pkoi the Chopper (Minotaur Monk)                    Turns: 1710, Time: 00:01:57

Health: -9/39      AC: 10    Str: 16    XL:     4   Next: 81%
Magic:  3/3        EV:  5    Int:  7    God:
Gold:   57         SH:  0    Dex: 13    Spells: 3/3 levels left

rFire    . . .     SeeInvis .   a - +0 hand axe
rCold    . . .     Faith    .   (no shield)
rNeg     . . .     Spirit   .   c - +0 plate armour
rPois    .         Reflect  .   (helmet restricted)
rElec    .         Harm     .   (no cloak)
rCorr    .         Rampage  .   (no gloves)
Will     .....                  (no boots)
Stlth    ..........             (no amulet)
HPRegen  0.13/turn              (no ring)
MPRegen  0.08/turn              (no ring)

@: no status effects
A: retaliatory headbutt, horns 2
a: no special abilities


You were on level 2 of the Dungeon.
You visited 1 branch of the dungeon, and saw 3 of its levels.

You collected 57 gold pieces.

Inventory:

Hand Weapons
 a - a +0 hand axe (weapon)
Armour
 c - a +0 plate armour (worn)
Jewellery
 k - an uncursed ring of stealth {unknown}
Scrolls
 d - 3 scrolls of identify {unknown}
 f - 2 scrolls of amnesia {unknown}
 g - 2 scrolls of remove curse {unknown}
 j - a scroll of magic mapping {unknown}
Potions
 b - a potion of heal wounds {unknown}
 e - a potion of flight {unknown}
 h - a potion of haste {unknown}
 i - 5 potions of curing {unknown}


   Skills:
 - Level 3.6 Fighting
 + Level 6.8 Axes
 - Level 3.2 Dodging
 - Level 1.5 Stealth


You had 3 spell levels left.
You didn't know any spells.
Your spell library was empty.

Dungeon Overview and Level Annotations

Branches:
Dungeon (3/15)

Altars:

Annotations:
D:2 1 runed translucent door, Crazy Yiuf


Innate Abilities, Weirdness & Mutations

You reflexively headbutt those who attack you in melee.
You have a pair of horns on your head.


Message History

Unknown command.
Unknown command.
The orc priest calls down the wrath of Beogh upon you.
Pain shoots through your body!
* * * LOW HITPOINT WARNING * * *
You climb upwards.
Level annotation: 1 runed translucent door, Crazy Yiuf
There is a stone staircase leading down here.
Unknown command.
Unknown command.
You barely miss the orc priest. You closely miss the orc.
The orc priest invokes the aid of Beogh against you.
You barely resist.
The orc hits you with a +0 mace of protection.
* * * LOW HITPOINT WARNING * * *
You closely miss the orc priest. Your headbutt misses the orc priest.
Your plate armour prevents you from hitting the orc.
The orc priest calls down the wrath of Beogh upon you.
Beogh smites you!
You die...

.................#####...........
#############..........##########
.............#...########....####
#..........#.#...#<.......#......
#.#........#.#...################
#.#†.........#<..................
#................################
................o................
...<...........o@######..........
#######################.#########
...# #..........# #.##
#.########## #.# #.# #.# #.# #.#
#.# #.# #.# #.# #.#


You could see an orc priest and an orc.

Vanquished Creatures
  An orc priest (D:3)
  An orc wizard (D:2)
  A dart slug (D:2)
  2 orcs
  6 giant cockroaches
  6 goblins
  4 hobgoblins (D:1)
  5 jackals
  10 kobolds
  2 quokkas (D:2)
  2 ball pythons
  8 bats
  4 frilled lizards
  12 rats
64 creatures vanquished.

Notes
Turn   | Place    | Note
-------+----------+-------------------------------------------
     0 | D:1      | pkoi the Minotaur Monk began the quest for the Orb.
     0 | D:1      | Reached XP level 1. HP: 19/19 MP: 0/0
    63 | D:1      | Reached skill level 4 in Axes
   128 | D:1      | Reached XP level 2. HP: 25/26 MP: 1/1
   292 | D:1      | Reached skill level 5 in Axes
   299 | D:1      | Reached XP level 3. HP: 24/31 MP: 2/2
   992 | D:2      | Found a runed translucent door.
   993 | D:2      | Noticed Crazy Yiuf
  1624 | D:2      | Reached skill level 6 in Axes
  1624 | D:2      | Reached XP level 4. HP: 34/39 MP: 3/3
  1710 | D:2      | Killed from afar by an orc priest

Illustrated notes

Levels and vault maps discovered:
D:1:      elethiomel_arrival_quiet, layout_basic, minmay_octomino_j4
D:2:      layout_basic, uniq_crazy_yiuf_cottage
D:3:      layout_rooms, lemuel_doored_altar, uniq_terence, uniq_ijyb

Skill      XL: |  1  2  3 |
---------------+----------+-----
Axes           | 4 5 6 |  6.8
Fighting       | |  3.6
Dodging        | |  3.2
Stealth        | |  1.5

Action                   |  1- 3 |  4- 6 || total
-------------------------+-------+-------++-------
Melee: Hand axe          |   130 |    12 ||   142
       Headbutt          |    19 |     3 ||    22
Armor: Plate armour      |    81 |     5 ||    86
       Robe              |     1 |       ||     1
Dodge: Dodged            |    46 |     7 ||    53
